 Dungeon Crawl Stone Soup version 0.31-a0-1405-g2bb1a01664 (webtiles) character file.

Game seed: 15216823779161710347

44726 CraigForest the Impaler (level 13, -2/92 (116) HPs)
             Began as a Minotaur Fighter on Dec 25, 2023.
             Was a Believer of Uskayaw.
             Slain by a pharaoh ant (4 damage)
             ... on level 2 of the Lair of Beasts.
             The game lasted 01:12:40 (13814 turns).

CraigForest the Impaler (Minotaur Fighter)         Turns: 13814, Time: 01:12:41

HP:   -2/92 (116)   AC: 30    Str: 24    XL:     13   Next: 97%
MP:   20/20         EV: 10    Int:  5    God:    Uskayaw [**....]
Gold: 1692          SH:  0    Dex: 12    Spells: 12/12 levels left

rFire   . . .        I - +9 glaive (heavy)
rCold   . . .        (shield currently unavailable)
rNeg    . . .        d - +18 Lear's hauberk
rPois   .            (helmet currently unavailable)
rElec   .            (no cloak)
rCorr   .            (gloves currently unavailable)
SInv    +            (boots currently unavailable)
Will    .....        g - amulet of faith
Stlth   +            y - ring of see invisible
HPRegen 0.35/turn    (no ring)
MPRegen 0.17/turn

%: faith
@: heavily drained
A: horns 2, retaliatory headbutt
a: Renounce Religion, Stomp, Line Pass


You were on level 2 of the Lair of Beasts.
You worshipped Uskayaw.
Uskayaw was aware of your devotion.
You visited 3 branches of the dungeon, and saw 15 of its levels.
You also visited: Bailey.

You collected 2308 gold pieces.
You spent 616 gold pieces at shops.

Inventory:

Hand Weapons
 B - a +4 trident of draining
 H - a +2 halberd of flaming
 I - a +9 heavy glaive (weapon)
Missiles
 e - 16 boomerangs (quivered)
 o - 24 poisoned darts
 p - 8 javelins
 x - a curare-tipped dart
 O - a throwing net
Armour
 c - a +0 buckler
 d - the +18 Lear's hauberk (worn)
   (You found it on level 7 of the Dungeon)
 k - a +0 kite shield
 r - a +0 pair of boots
 s - a +0 pair of gloves
 u - a +3 scale mail of poison resistance
 z - a +0 troll leather armour
 E - +0 steam dragon scales
 J - quicksilver dragon scales
 K - the +2 pair of gloves of the Cuttlefish {+Blink rF- rCorr Int+3}
   (You found it on level 8 of the Dungeon)

   Int+3:     It affects your intelligence (+3).
   rF-:       It makes you vulnerable to fire.
   +Blink:    It lets you blink.
   rCorr:     It protects you from acid and corrosion.
 N - a +2 chain mail of cold resistance
Jewellery
 g - an amulet of faith (around neck)
 t - a ring of wizardry
 v - a ring of ice
 y - a ring of see invisible (left hand)
 F - a ring of protection from cold
 L - an amulet of reflection
 P - an amulet of magic regeneration
Wands
 Q - a wand of iceblast (3)
 T - a wand of polymorph (7)
Scrolls
 a - a scroll of poison
 h - 3 scrolls of immolation
 q - 4 scrolls of teleportation
 A - a scroll of silence
 G - a scroll of summoning
 M - a scroll of fear
 R - a scroll of identify
 U - a scroll of revelation {unknown}
 V - a scroll of noise {unknown}
 W - a scroll of vulnerability
Potions
 b - 2 potions of attraction
 f - 4 potions of curing
 i - a potion of degeneration
 j - a potion of mutation
 l - 3 potions of magic
 m - 4 potions of cancellation
 n - a potion of berserk rage
 w - 2 potions of lignification
 C - 4 potions of brilliance
 D - a potion of heal wounds
 S - a potion of invisibility {unknown}


   Skills:
 + Level 11.3 Fighting
 + Level 17.0 Polearms
 + Level 1.3 Throwing
 + Level 11.3 Armour
 + Level 4.8 Dodging
 + Level 7.5 Stealth
 + Level 6.5 Shields
 * Level 11.6 Invocations


You had 12 spell levels left.
You didn't know any spells.
Your spell library contained the following spells:

 Spells                   Type           Power      Damage    Failure   Level
 Sting                    Conj/Alch      0%         1d3       91%         1
 Blink                    Tloc           0%         N/A       97%         2
 Ensorcelled Hibernation  Hex/Ice        0%         N/A       97%         2
 Lesser Beckoning         Tloc           0%         N/A       97%         2
 Mercury Vapours          Alch/Air       0%         N/A       97%         2
 Momentum Strike          Conj/Tloc      0%         3d8       97%         2
 Dazzling Flash           Conj/Hex       0%         N/A       100%        3
 Fugue of the Fallen      Necr           0%         N/A       100%        3
 Gell's Gravitas          Tloc           0%         N/A       100%        3
 Ozocubu's Armour         Ice            0%         N/A       100%        3
 Teleport Other           Tloc           0%         N/A       100%        3
 Volatile Blastmotes      Fire/Tloc      0%         2d10      100%        3
 Anguish                  Hex/Necr       0%         N/A       100%        4
 Manifold Assault         Tloc           0%         N/A       100%        4
 Olgreb's Toxic Radiance  Alch           0%         N/A       100%        4
 Dispersal                Tloc           0%         N/A       100%        6
 Starburst                Conj/Fire      0%         6d3       100%        6
 Maxwell's Capacitive Co  Air            0%         ∞         100%        8


Dungeon Overview and Level Annotations

Branches:
Dungeon (11/15)            Temple (0/1) D:5            Lair (2/5) D:11
 Spider (0/4) Lair:2          Orc (2/2) D:11            Elf (0/3) Orc:2
 Bailey (visited)
  Swamp: Lair:2-3    Shoals: Lair:2-3

Altars:
Uskayaw
Xom
Yredelemnul
Zin

Shops:
D:4 *   D:6 ?   D:7 :   D:9 *   Orc:2 (!?*:


Innate Abilities, Weirdness & Mutations

You have a pair of horns on your head.
You reflexively headbutt those who attack you in melee.


Message History

The scorpion stings you but does no damage.
The pharaoh ant closely misses you.
You barely miss the scorpion.
The scorpion is heavily wounded.
The scorpion stings you but does no damage.
The pharaoh ant bites you!
The scorpion stings you but does no damage.
You slice the scorpion!!
You kill the scorpion!
The pharaoh ant bites you.
You feel drained. The pharaoh ant bites you!
You feel drained.
You barely miss the pharaoh ant.
A tarantella comes into view.
The pharaoh ant bites you!!
You feel drained.
The pharaoh ant bites you but does no damage.
The tarantella's many legs skitter faintly.
You are too injured to fight recklessly!
You are too injured to fight recklessly!
You barely miss the pharaoh ant. The pharaoh ant closely misses you.
You furiously retaliate!
You headbutt the pharaoh ant! The pharaoh ant bites you!!
* * * LOW HITPOINT WARNING * * *
You feel drained.
* * * LOW HITPOINT WARNING * * *
You can now pass through a line of other dancers.
You feel much better. The pharaoh ant bites you!
* * * LOW HITPOINT WARNING * * *
You feel drained.
* * * LOW HITPOINT WARNING * * *
Okay, then.
As you read the scroll of summoning, it crumbles to dust.
Wisps of shadow whirl around you... The pharaoh ant bites you!
* * * LOW HITPOINT WARNING * * *
You feel drained.
* * * LOW HITPOINT WARNING * * *
The tarantella touches you but does no damage.
The pharaoh ant bites you!
* * * LOW HITPOINT WARNING * * *
You feel drained.
You die...

.......................
......................<.
........................
.......................
.....................#
†....................#
†...................##..
..................F.....
##.##.##.##.P.##@B.#...
#.###.##.#######s.....#
### ###### S.##.#. ....
. # ..... .......
##..>.. .....


You could see a pharaoh ant (ally target), a tarantella (ally target), a
friendly water moccasin (summoned) and a friendly bullfrog (summoned).

Vanquished Creatures
  Snorg (D:11)
  3 ettins (Orc:2)
  Josephine (Orc:1)
  Erolcha (D:11)
  4 ogre magi (Orc:2)
  2 catoblepae
  A centaur warrior (D:11)
  17 two-headed ogres
  An orc high priest (Orc:2)
  Pikel (D:6)
  2 orc knights
  2 orc sorcerers (Orc:2)
  A cyclops (D:10)
  An ugly thing (D:11)
  Jeremiah (D:7)
  2 gargoyles
  3 cane toads
  3 rime drakes (Lair:1)
  A kobold demonologist (D:10)
  4 komodo dragons
  Psyche (D:11)
  4 hornets
  7 trolls
  3 blink frogs (Lair:1)
  A glass eye (D:10)
  4 spriggans (Bailey)
  2 wyverns
  2 wargs
  A shadow (D:10)
  19 yaks
  5 wraiths
  A human (D:4)
  3 steam dragons
  5 vampire mosquitoes
  Menkaure (D:7)
  2 acid dragons
  3 water moccasins
  20 orc warriors
  3 black bears
  An ice beast (D:5)
  Duvessa (D:7)
  A sky beast (D:7)
  31 ogres
  3 wolves (Lair:1)
  A phantom (D:5)
  7 centaurs
  3 lemures (D:6)
  7 bullfrogs
  4 kobold brigands
  A gnoll sergeant (D:10)
  2 scorpions
  8 wights
  Dowan (D:7)
  11 killer bees (D:9)
  4 howler monkeys
  2 electric eels (D:11)
  2 jellies
  2 gnoll boudas
  2 bombardier beetles
  21 orc priests
  6 hounds
  2 iguanas
  2 sleepcaps
  17 orc wizards
  24 gnolls
  6 adders
  A shadow imp (D:4)
  3 white imps
  4 ufetubi
  A worm (D:2)
  A dart slug (D:4)
  74 orcs
  An endoplasm (D:1)
  4 giant cockroaches
  6 goblins
  10 hobgoblins
  4 jackals (D:2)
  52 kobolds
  4 quokkas
  2 ball pythons
  5 bats
  6 frilled lizards
  A goblin skeleton (D:4)
  A jackal zombie (D:4)
  2 rats
493 creatures vanquished.

Vanquished Creatures (collateral kills)
  An orc priest (D:8)
  3 orcs (D:8)
4 creatures vanquished.

Vanquished Creatures (others)
  An orc (Orc:1)
1 creature vanquished.

Grand Total: 498 creatures vanquished

Notes
Turn   | Place    | Note
-------+----------+-------------------------------------------
     0 | D:1      | CraigForest the Minotaur Fighter began the quest for the
                  | Orb.
     0 | D:1      | Reached XP level 1. HP: 19/19 MP: 0/0
   155 | D:1      | Reached XP level 2. HP: 27/27 MP: 1/1
   615 | D:2      | Reached skill level 3 in Polearms
   626 | D:2      | Reached XP level 3. HP: 33/33 MP: 2/2
   877 | D:2      | Found a faded altar of an unknown god.
   881 | D:2      | Prayed at the altar of an unknown god.
   881 | D:2      | Became a worshipper of Uskayaw the Reveller
   881 | D:2      | Reached * piety under Uskayaw
  1278 | D:3      | Reached ** piety under Uskayaw
  1289 | D:3      | Reached XP level 4. HP: 34/40 MP: 3/3
  1298 | D:3      | Reached *** piety under Uskayaw
  1300 | D:3      | Reached skill level 4 in Polearms
  1300 | D:3      | Reached skill level 1 in Invocations
  1377 | D:3      | Reached XP level 5. HP: 47/47 MP: 4/4
  2247 | D:4      | Found a shimmering altar of Xom.
  2282 | D:4      | Found a runed translucent door.
  2282 | D:4      | Noticed a human
  2294 | D:4      | Reached skill level 1 in Dodging
  2294 | D:4      | Reached XP level 6. HP: 49/53 MP: 6/6
  2320 | D:4      | Found a basalt altar of Yredelemnul.
  2340 | D:4      | Killed a human
  2341 | D:4      | Reached skill level 5 in Polearms
  2341 | D:4      | Reached skill level 5 in Armour
  2579 | D:4      | Found Adwounac's Serpentskin Sales.
  2646 | D:4      | Reached skill level 5 in Fighting
  2646 | D:4      | Reached XP level 7. HP: 54/61 MP: 7/7
  2692 | D:4      | Reached skill level 6 in Polearms
  2902 | D:4      | Reached **** piety under Uskayaw
  2996 | D:4      | Bought a +2 scale mail of poison resistance for 234 gold
                  | pieces
  3224 | D:5      | Entered Level 5 of the Dungeon
  3231 | D:5      | Identified a scroll of acquirement
  3231 | D:5      | Acquired 784 gold pieces
  3299 | D:5      | Found a staircase to the Ecumenical Temple.
  3313 | D:5      | Noticed a steam dragon
  3322 | D:5      | Killed a steam dragon
  3323 | D:5      | Reached skill level 7 in Polearms
  3323 | D:5      | Reached skill level 1 in Stealth
  3323 | D:5      | Reached XP level 8. HP: 66/68 MP: 9/9
  3840 | D:5      | Reached skill level 5 in Shields
  4423 | D:6      | Reached skill level 8 in Polearms
  4500 | D:6      | Reached ***** piety under Uskayaw
  4705 | D:6      | Noticed Pikel
  4718 | D:6      | Killed Pikel
  4719 | D:6      | Reached XP level 9. HP: 64/75 MP: 11/11
  4723 | D:6      | Reached skill level 9 in Polearms
  4834 | D:6      | Reached skill level 5 in Invocations
  5007 | D:6      | Found Gonemas's Magic Scroll Shoppe.
  5010 | D:6      | Bought a scroll of identify for 22 gold pieces
  5010 | D:6      | Bought a scroll of brand weapon for 104 gold pieces
  5010 | D:6      | Bought a scroll of enchant armour for 82 gold pieces
  5010 | D:6      | Bought a scroll of identify for 22 gold pieces
  5010 | D:6      | Bought a scroll of identify for 22 gold pieces
  5299 | D:7      | Found Jixziat's Book Shoppe.
  5357 | D:7      | Noticed Duvessa
  5359 | D:7      | Noticed Dowan
  5363 | D:7      | Noticed Menkaure
  5367 | D:7      | Killed Duvessa
  5373 | D:7      | Killed Dowan
  5374 | D:7      | Killed Menkaure
  5684 | D:7      | Reached skill level 10 in Polearms
  6063 | D:7      | Noticed a troll
  6068 | D:7      | Noticed Jeremiah
  6071 | D:7      | Killed a troll
  6072 | D:7      | Reached XP level 10. HP: 74/84 MP: 13/13
  6107 | D:7      | Killed Jeremiah
  6204 | D:7      | Found the +18 Lear's hauberk
  6364 | D:8      | You fall into a shaft and drop 1 floor!
  6422 | D:9      | Noticed a two-headed ogre
  6432 | D:9      | Killed a two-headed ogre
  6491 | D:9      | Reached ****** piety under Uskayaw
  6492 | D:9      | Reached skill level 11 in Polearms
  6571 | D:9      | Found a flagged portal.
  6588 | Bailey   | Entered a bailey
  6642 | Bailey   | Reached skill level 12 in Polearms
  6664 | Bailey   | Noticed a two-headed ogre
  6945 | Bailey   | Killed a two-headed ogre
  6946 | Bailey   | Reached XP level 11. HP: 79/93 MP: 15/15
  7060 | D:8      | Upgraded the game from 0.31-a0-1388-g4b2ba238e7 to
                  | 0.31-a0-1405-g2bb1a01664
  7065 | D:8      | Found a glowing silver altar of Zin.
  7289 | D:8      | Identified the +2 pair of gloves of the Cuttlefish {+Blink
                  | rF- rCorr Int+3}
  7359 | D:8      | Reached skill level 1 in Throwing
  8510 | D:9      | Found Faeru's Assorted Antiques.
  8518 | D:9      | Bought a bubbling orange potion for 33 gold pieces
  8518 | D:9      | Bought a scroll labelled YXTESCHU BEIZEA for 37 gold pieces
  8678 | D:10     | Entered Level 10 of the Dungeon
  9044 | D:10     | Reached skill level 13 in Polearms
  9115 | D:10     | Noticed a catoblepas
  9135 | D:10     | Killed a catoblepas
  9476 | D:11     | Reached skill level 5 in Stealth
  9532 | D:11     | Noticed an orc knight
  9536 | D:11     | Killed an orc knight
  9603 | D:11     | Noticed Erolcha
  9604 | D:11     | Found a staircase to the Lair.
  9609 | D:11     | Noticed a purple ugly thing
  9612 | D:11     | Reached skill level 14 in Polearms
  9612 | D:11     | Reached XP level 12. HP: 104/104 MP: 17/17
  9616 | D:11     | Killed Erolcha
  9835 | D:11     | Noticed Snorg
  9852 | D:11     | Killed Snorg
 10033 | D:11     | Found a staircase to the Orcish Mines.
 10277 | D:11     | Noticed a centaur warrior
 10280 | D:11     | Killed a centaur warrior
 10478 | D:11     | Noticed Psyche
 10482 | D:11     | Killed Psyche
 10860 | Orc:1    | Entered Level 1 of the Orcish Mines
 10873 | Orc:1    | Noticed Josephine
 10880 | Orc:1    | Killed Josephine
 10881 | Orc:1    | Reached skill level 10 in Armour
 10883 | Orc:1    | Reached skill level 15 in Polearms
 11332 | Orc:2    | Entered Level 2 of the Orcish Mines
 11332 | Orc:2    | Found Nosaown's Book Shoppe.
 11367 | Orc:2    | Reached skill level 10 in Fighting
 11544 | Orc:2    | Noticed a two-headed ogre
 11544 | Orc:2    | Noticed a two-headed ogre
 11546 | Orc:2    | Noticed a two-headed ogre
 11549 | Orc:2    | Killed a two-headed ogre
 11550 | Orc:2    | Killed a two-headed ogre
 11550 | Orc:2    | Noticed an ogre mage
 11551 | Orc:2    | Noticed a two-headed ogre
 11552 | Orc:2    | Killed a two-headed ogre
 11552 | Orc:2    | Noticed an ogre mage
 11553 | Orc:2    | Killed a two-headed ogre
 11556 | Orc:2    | Killed an ogre mage
 11556 | Orc:2    | Noticed a two-headed ogre
 11557 | Orc:2    | Noticed a two-headed ogre
 11558 | Orc:2    | Noticed a two-headed ogre
 11559 | Orc:2    | Paralysed by an ogre mage for 3 turns
 11563 | Orc:2    | Killed an ogre mage
 11563 | Orc:2    | Noticed a two-headed ogre
 11563 | Orc:2    | Noticed a two-headed ogre
 11564 | Orc:2    | Reached skill level 10 in Invocations
 11564 | Orc:2    | Killed a two-headed ogre
 11564 | Orc:2    | Killed a two-headed ogre
 11565 | Orc:2    | Reached XP level 13. HP: 6/113 MP: 7/19
 11887 | Orc:2    | Reached skill level 16 in Polearms
 11906 | Orc:2    | Found Koapeh's Assorted Antiques.
 11906 | Orc:2    | Found Nutuomm's Magic Scroll Emporium.
 11909 | Orc:2    | Found Ebiuzan's Distillery.
 11909 | Orc:2    | Found Yssisoh's Antique Weapon Boutique.
 11928 | Orc:2    | Bought a scroll of fear for 60 gold pieces
 12146 | Orc:2    | Noticed an ettin
 12151 | Orc:2    | Killed an ettin
 12212 | Orc:2    | Noticed an ettin
 12214 | Orc:2    | Found a staircase to the Elven Halls.
 12217 | Orc:2    | Killed an ettin
 12302 | Orc:2    | Noticed an ettin
 12309 | Orc:2    | Killed an ettin
 12374 | Orc:2    | Paralysed by an orc sorcerer for 2 turns
 13043 | Lair:1   | Entered Level 1 of the Lair of Beasts
 13325 | Lair:1   | Reached skill level 17 in Polearms
 13805 | Lair:2   | Found a hole to the Spider Nest.
 13814 | Lair:2   | HP: 2/95 [pharaoh ant (13)]
 13814 | Lair:2   | Slain by a pharaoh ant

Illustrated notes

Levels and vault maps discovered:
D:1:      dpeg_arrival_rooms_with_view, layout_loops_ring
D:2:      layout_loops_ring, hellmonk_ecumenical_altar_leap_of_faith
D:3:      layout_rooms
D:4:      minmay_goblin_kobold_castle, layout_rooms,
          mainiacjoe_overflow_brackets, dk_yredelemnul_ordeal,
          guppyfry_shop_venom
D:5:      layout_basic, minmay_temple_entry_mini_moons, serial_aquarium,
          aquarium_bridge_long_joined [aquarium_subvault_bridge,
          aquarium_subvault_wall, aquarium_subvault_bridge,
          aquarium_subvault_wall, aquarium_subvault_balcony,
          aquarium_subvault_wall], aquarium_bridge_square
          [aquarium_subvault_balcony, aquarium_subvault_wall,
          aquarium_subvault_bridge, aquarium_subvault_wall], aquarium_window_2,
          aquarium_window_2, aquarium_window_1, aquarium_view_2b,
          aquarium_balcony_double_1, kennysheep_another_room
D:6:      layout_basic, serial_shops, nicolae_shop_rolled_up, uniq_pikel
D:7:      layout_rooms, serial_shops, nicolae_shop_tiny_real_fake_doors,
          minmay_misc_feat_tower, hellmonk_guarded_unrand_lears, uniq_jeremiah,
          uniq_duvessa, uniq_menkaure
D:8:      layout_layer_cave, mainiacjoe_overflow_six_doors_small, centaur_isle
D:9:      nicolae_BIG_FREAKIN_CUBE, layout_rooms, enter_bailey_5,
          nicolae_stop_n_shop_2
D:10:     layout_cross, onia_ninara_cookie
D:11:     layout_loops_ring, lair_entry_dummy, erik_orc_2,
          minmay_tree_intersection, uniq_snorg, uniq_erolcha, uniq_psyche
Lair:1:   layout_concentric_octagons
Lair:2:   layout_long_grid, nicolae_spider_entry_lesser_pyramids,
          chequers_serial_rivers_small_3, grunt_megastairs_1
Orc:1:    layout_diamond_mine, uniq_josephine
Orc:2:    st_orc_ogre_mass, layout_caves, serial_shops,
          nicolae_shop_hallway_stairs

Skill      XL: |  1  2  3  4  5  6  7  8  9 10 11 12 13 |
---------------+----------------------------------------+-----
Shields        | 4 5 6 |  6.5
Fighting       | 4 5 6 7 9 10 11 | 11.3
Polearms       | 3 4 5 7 8 10 12 14 15 17 | 17.0
Armour         | 4 5 6 7 8 9 10 11 | 11.3
Invocations    | 1 2 3 4 5 6 8 10 11 | 11.6
Dodging        | 1 2 3 4 |  4.8
Stealth        | 1 2 3 4 5 6 7 |  7.5
Throwing       | 1 |  1.3

Action                     |  1- 3 |  4- 6 |  7- 9 | 10-12 | 13-15 || total
---------------------------+-------+-------+-------+-------+-------++-------
  Melee: Trident           |    93 |   139 |   419 |   129 |       ||   780
         Headbutt          |     2 |    19 |    67 |    48 |    21 ||   157
         Glaive            |       |       |       |   307 |   158 ||   465
  Throw: Boomerang         |       |       |     5 |     4 |       ||     9
         Dart              |       |       |       |     5 |       ||     5
 Invoke: Stomp             |       |     1 |     5 |     3 |       ||     9
         Grand Finale      |       |       |       |     2 |       ||     2
    Use: Scroll            |       |     3 |    13 |    12 |     2 ||    30
         Potion            |       |       |     2 |     4 |     1 ||     7
   Stab: Paralysed         |       |     1 |    19 |    33 |    18 ||    71
 Armour: Scale mail        |    16 |       |   176 |    11 |       ||   203
         Chain mail        |    32 |   100 |    51 |   416 |    89 ||   688
  Dodge: Dodged            |    17 |    26 |   141 |   285 |    46 ||   515
  Block: Buckler           |    19 |    23 |    81 |    17 |       ||   140
         Other             |       |       |       |     6 |       ||     6

Table legend: (Time is in decaauts)
 A = Elapsed time spent in this place.
 B = Non-inter-level travel time spent in this place.
 C = Inter-level travel time spent in this place.
 D = Time resting spent in this place.
 E = Time spent auto-exploring this place.
 F = Levels seen in this place.
 G = Mean time per level.
                   A        B        C        D        E       F      G
               +--------+--------+--------+--------+--------+-----+--------+
         Total |  14028 |  13486 |    542 |    615 |   9483 |  16 |  876.8 |
       Dungeon |  10605 |  10134 |    471 |    347 |   7211 |  11 |  964.1 |
          Lair |    788 |    788 |      0 |      0 |    646 |   2 |  394.0 |
  Orcish Mines |   2186 |   2117 |     69 |    268 |   1374 |   2 | 1093.0 |
        Bailey |    449 |    449 |      0 |      0 |    252 |   1 |  449.0 |
               +--------+--------+--------+--------+--------+-----+--------+

Top non-repeatable levels by time:
     D:4: 1591 daAuts
    D:11: 1503 daAuts
     D:8: 1328 daAuts
   Orc:2: 1280 daAuts
     D:7: 1077 daAuts
     D:6: 1034 daAuts
     D:5: 1024 daAuts
   Orc:1: 905 daAuts
     D:9: 768 daAuts
  Lair:1: 721 daAuts
    D:10: 604 daAuts
     D:1: 599 daAuts
     D:3: 578 daAuts
     D:2: 495 daAuts
  Bailey: 449 daAuts
